NYP
WILLIAMSPORT CROSSCUTTERS @ SALEM-KEIZER VOLCANOES
07/02/2048
 
TOP OF THE 1ST
Williamsport Crosscutters batting - Pitching for Salem-Keizer Volcanoes : RHP Edward Jones
Pitching: RHP Edward Jones
Batting: RHB Xavier Castellanos 0-0: Ball
1-0: Called Strike
1-1: Swinging Strike
1-2: SINGLE (Groundball, 6S, EV 71.2 MPH) (infield hit)
Batting: LHB Chris Moody 0-0: Called Strike
Xavier Castellanos steals 2nd base
0-1: Ground out 1-3 (Groundball, 13S, EV 70.0 MPH)
Xavier Castellanos to third
Batting: RHB John Manocchio 0-0: Ball
1-0: 2-RUN HOME RUN (Flyball, 8RXD, EV 115.0 MPH), Distance : 453 ft
Batting: SHB Art Kent 0-0: Ball
1-0: Ball
2-0: Ball
3-0: Called Strike
3-1: Foul Ball, location: 2F
3-2: Base on Balls
Batting: SHB Nick Chandler 0-0: Swinging Strike
0-1: Ball
1-1: Ball
2-1: Called Strike
2-2: Strikes out swinging
Batting: RHB Shintaro Katsumata 0-0: Ball
1-0: Called Strike
1-1: Swinging Strike
1-2: Hit by Pitch
Art Kent to second
Pitching: LHP Jeff Briggs
Batting: RHB Nick Cottrell 0-0: Ground out 4-3 (Groundball, 4, EV 104.4 MPH)
Top of the 1st over - 2 runs, 2 hits, 0 errors, 2 left on base; Williamsport 2 - Salem-Keizer 0
BOTTOM OF THE 1ST
Salem-Keizer Volcanoes batting - Pitching for Williamsport Crosscutters : RHP Bobby Mauk
Pitching: RHP Bobby Mauk
Batting: LHB Antonio Gutierrez 0-0: Ball
1-0: Called Strike
1-1: Ball
2-1: Foul Ball, location: 2F
2-2: DOUBLE (Line Drive, 78D, EV 106.2 MPH)
Batting: LHB Alex Larangho 0-0: Called Strike
0-1: Swinging Strike
0-2: Strikes out swinging
Batting: LHB Chris West 0-0: Called Strike
0-1: Called Strike
Antonio Gutierrez steals 3rd base
0-2: Ball
1-2: SINGLE (Groundball, 6M, EV 82.5 MPH) (infield hit)
Antonio Gutierrez scores
Batting: RHB Aaron Elliott 0-0: Called Strike
0-1: Ball
Chris West steals 2nd base
1-1: Foul Ball, location: 2F
1-2: Foul Ball, location: 2F
1-2: Strikes out looking
Batting: RHB Joey Black 0-0: Called Strike
0-1: Swinging Strike
0-2: Ball
1-2: Strikes out swinging passed ball, reaches first!
Chris West to third
Batting: RHB Noe Oliva 0-0: Foul Ball, location: 2F
0-1: Called Strike
0-2: Foul Ball, location: 2F
0-2: Strikes out looking
Bottom of the 1st over - 1 run, 2 hits, 0 errors, 2 left on base; Williamsport 2 - Salem-Keizer 1
TOP OF THE 2ND
Williamsport Crosscutters batting - Pitching for Salem-Keizer Volcanoes : LHP Jeff Briggs
Batting: RHB Leon Edwards 0-0: Ball
1-0: Ball
2-0: Called Strike
2-1: Foul Ball, location: 2F
2-2: Foul Ball, location: 2F
2-2: Ball
3-2: Strikes out looking
Batting: RHB Bill Williams 0-0: Called Strike
0-1: Ball
1-1: Ball
2-1: Swinging Strike
2-2: Strikes out swinging
Batting: RHB Xavier Castellanos 0-0: Foul Ball, location: 2F
0-1: Ball
1-1: Swinging Strike
1-2: Foul Ball, location: 2F
1-2: Strikes out looking
Top of the 2nd over - 0 runs, 0 hits, 0 errors, 0 left on base; Williamsport 2 - Salem-Keizer 1
BOTTOM OF THE 2ND
Salem-Keizer Volcanoes batting - Pitching for Williamsport Crosscutters : RHP Bobby Mauk
Batting: SHB Michael Woodard 0-0: Swinging Strike
0-1: Ball
1-1: Foul Ball, location: 2F
1-2: Ground out 4-3 (Groundball, 4S, EV 84.4 MPH)
Batting: RHB Jonathan Hemsley 0-0: Called Strike
0-1: Foul Ball, location: 2F
0-2: Foul Ball, location: 2F
0-2: Ball
1-2: Ball
2-2: Foul Ball, location: 2F
2-2: Strikes out swinging
Batting: RHB Jose Sanchez 0-0: Ball
1-0: SINGLE (Groundball, 5L, EV 96.9 MPH) (infield hit)
Batting: LHB Antonio Gutierrez 0-0: Called Strike
Jose Sanchez steals 2nd base
0-1: Ball
1-1: Foul Ball, location: 2F
1-2: Ground out 4-3 (Groundball, 4, EV 108.1 MPH)
Bottom of the 2nd over - 0 runs, 1 hit, 0 errors, 1 left on base; Williamsport 2 - Salem-Keizer 1
TOP OF THE 3RD
Williamsport Crosscutters batting - Pitching for Salem-Keizer Volcanoes : LHP Jeff Briggs
Batting: LHB Chris Moody 0-0: Called Strike
0-1: DOUBLE (Line Drive, 8RXD, EV 100.6 MPH)
Batting: RHB John Manocchio 0-0: Foul Ball, location: 2F
0-1: Ball
1-1: Ball
2-1: SINGLE (Line Drive, 56D, EV 98.8 MPH)
Chris Moody to third
Runner from 3rd tries for Home, SAFE, throw by LF to home
Batting: SHB Art Kent 0-0: Foul Ball, location: 2F
0-1: Ball
1-1: Ball
2-1: Ball
3-1: Foul Ball, location: 2F
3-2: Foul Ball, location: 2F
3-2: Foul Ball, location: 2F
3-2: Foul Ball, location: 2F
3-2: Fielders Choice at 2nd, 1-4 (Groundball, 15S, EV 60.6 MPH)
Batting: SHB Nick Chandler 0-0: Ball
1-0: Called Strike
1-1: Ball
2-1: Ball
3-1: Base on Balls
Art Kent to second
Batting: RHB Shintaro Katsumata 0-0: Ball
1-0: Ball
2-0: Called Strike
2-1: SINGLE (Groundball, 34D, EV 92.5 MPH) (infield hit)
Art Kent to third
Nick Chandler to second
Batting: RHB Nick Cottrell 0-0: Ball
1-0: Foul Ball, location: 2F
1-1: Swinging Strike
1-2: Foul Ball, location: 2F
1-2: SINGLE (Groundball, 56D, EV 103.1 MPH)
Art Kent scores
Nick Chandler to third
Shintaro Katsumata to second
Runner from 3rd tries for Home, SAFE, throw by LF to home
Batting: RHB Leon Edwards 0-0: Ball
1-0: Ball
2-0: Ball
3-0: Base on Balls
Shintaro Katsumata to third
Nick Cottrell to second
Batting: RHB Bill Williams 0-0: Ball
1-0: Ball
2-0: Ball
3-0: Called Strike
3-1: Base on Balls
Shintaro Katsumata scores
Nick Cottrell to third
Leon Edwards to second
Batting: RHB Xavier Castellanos 0-0: DOUBLE (Line Drive, 78XD, EV 108.8 MPH)
Nick Cottrell scores
Leon Edwards scores
Bill Williams to third
Batting: LHB Chris Moody 0-0: Called Strike
0-1: Foul Ball, location: 2F
0-2: Ball
1-2: Ball
2-2: Ball
3-2: Base on Balls
Pitching: LHP Ricardo Torres
Batting: RHB John Manocchio 0-0: Foul Ball, location: 2F
0-1: Called Strike
0-2: Fly out, F9 (Flyball, 89XD, EV 88.8 MPH)
Runner from 3rd tags up, SCORES, no throw by RF
Batting: SHB Art Kent Balk!
Xavier Castellanos to third
Chris Moody to second
0-0: Ball
1-0: Ball
2-0: Ball
Wild Pitch!
Xavier Castellanos scores
Chris Moody to third
3-0: Called Strike
3-1: Base on Balls
Batting: SHB Nick Chandler 0-0: Called Strike
0-1: Foul Ball, location: 2F
0-2: Ball
1-2: Foul Ball, location: 2F
1-2: Fielders Choice at 2nd, 5-4 (Groundball, 56, EV 86.9 MPH)
Top of the 3rd over - 8 runs, 5 hits, 0 errors, 2 left on base; Williamsport 10 - Salem-Keizer 1
BOTTOM OF THE 3RD
Salem-Keizer Volcanoes batting - Pitching for Williamsport Crosscutters : RHP Bobby Mauk
Batting: LHB Alex Larangho 0-0: Ball
1-0: Foul Ball, location: 2F
1-1: Ball
2-1: Foul Ball, location: 2F
2-2: Strikes out swinging
Batting: LHB Chris West 0-0: Foul Ball, location: 2F
0-1: Swinging Strike
0-2: Strikes out swinging
Batting: RHB Aaron Elliott 0-0: Called Strike
0-1: Called Strike
0-2: Ball
1-2: Ball
2-2: Fly out, F9 (Flyball, 9, EV 94.4 MPH)
Bottom of the 3rd over - 0 runs, 0 hits, 0 errors, 0 left on base; Williamsport 10 - Salem-Keizer 1
TOP OF THE 4TH
Williamsport Crosscutters batting - Pitching for Salem-Keizer Volcanoes : LHP Ricardo Torres
Batting: RHB Shintaro Katsumata 0-0: Called Strike
0-1: Ball
1-1: Ground out 5-3 (Groundball, 5, EV 78.1 MPH)
Batting: RHB Nick Cottrell 0-0: Called Strike
0-1: Foul Ball, location: 2F
0-2: Fly out, F8 (Flyball, 78M, EV 78.1 MPH)
Batting: RHB Leon Edwards 0-0: Ball
1-0: Ball
2-0: Foul Ball, location: 2F
2-1: Foul Ball, location: 2F
2-2: Strikes out swinging
Top of the 4th over - 0 runs, 0 hits, 0 errors, 0 left on base; Williamsport 10 - Salem-Keizer 1
BOTTOM OF THE 4TH
Salem-Keizer Volcanoes batting - Pitching for Williamsport Crosscutters : RHP Bobby Mauk
Batting: RHB Joey Black 0-0: Ball
1-0: Ball
2-0: Ball
3-0: Called Strike
3-1: Called Strike
3-2: SOLO HOME RUN (Flyball, 7D, EV 105.0 MPH), Distance : 396 ft
Batting: RHB Noe Oliva 0-0: Called Strike
0-1: Swinging Strike
0-2: Foul Ball, location: 2F
0-2: Ball
1-2: Strikes out swinging
Batting: SHB Michael Woodard 0-0: Called Strike
0-1: Foul Ball, location: 2F
0-2: Ball
1-2: Strikes out swinging
Batting: RHB Jonathan Hemsley 0-0: Ground out U3 (Groundball, 3L, EV 88.8 MPH)
Bottom of the 4th over - 1 run, 1 hit, 0 errors, 0 left on base; Williamsport 10 - Salem-Keizer 2
TOP OF THE 5TH
Williamsport Crosscutters batting - Pitching for Salem-Keizer Volcanoes : LHP Ricardo Torres
Batting: RHB Bill Williams 0-0: Ground out 4-3 (Groundball, 4, EV 100.0 MPH)
Batting: RHB Xavier Castellanos 0-0: Ball
1-0: Ball
2-0: Ball
3-0: Base on Balls
Batting: LHB Chris Moody 0-0: Ball
Passed Ball!
Xavier Castellanos to second
1-0: Foul Ball, location: 2F
1-1: Foul Ball, location: 2F
1-2: Ball
2-2: Foul Ball, location: 2F
2-2: Ground out 6-3 (Groundball, 6, EV 99.4 MPH)
Batting: RHB John Manocchio 0-0: Called Strike
0-1: Ball
1-1: Ball
2-1: Ground out 6-3 (Groundball, 6, EV 88.1 MPH)
Top of the 5th over - 0 runs, 0 hits, 0 errors, 1 left on base; Williamsport 10 - Salem-Keizer 2
BOTTOM OF THE 5TH
Salem-Keizer Volcanoes batting - Pitching for Williamsport Crosscutters : RHP Bobby Mauk
Batting: RHB Jose Sanchez 0-0: Ball
1-0: Swinging Strike
1-1: Swinging Strike
1-2: Foul Ball, location: 2F
1-2: Strikes out looking
Batting: LHB Antonio Gutierrez 0-0: Called Strike
0-1: Fly out, F7 (Flyball, 78S, EV 93.1 MPH)
Batting: LHB Alex Larangho 0-0: Ground out 1-3 (Groundball, P, EV 73.8 MPH)
Bottom of the 5th over - 0 runs, 0 hits, 0 errors, 0 left on base; Williamsport 10 - Salem-Keizer 2
TOP OF THE 6TH
Williamsport Crosscutters batting - Pitching for Salem-Keizer Volcanoes : LHP Ricardo Torres
Batting: SHB Art Kent 0-0: Ball
1-0: Ball
2-0: Foul Ball, location: 2F
2-1: Reached on error, E4 (Groundball, 4, EV 83.8 MPH)
Batting: SHB Nick Chandler 0-0: Ball
1-0: Called Strike
1-1: Ground out 6-3 (Groundball, 6, EV 103.1 MPH)
Batting: RHB Shintaro Katsumata 0-0: Ball
1-0: Ball
2-0: Ball
3-0: Called Strike
3-1: 2-RUN HOME RUN (Flyball, 7D, EV 106.9 MPH), Distance : 406 ft
Pitching: RHP Ricky Pizarro
Batting: RHB Nick Cottrell 0-0: Called Strike
0-1: Swinging Strike
0-2: Ball
1-2: SINGLE (Groundball, 34D, EV 106.2 MPH)
Batting: RHB Leon Edwards 0-0: Ball
1-0: Fielders Choice at 2nd, 5-4 (Groundball, 5, EV 97.5 MPH)
Batting: RHB Bill Williams 0-0: Called Strike
0-1: Ball
1-1: Ball
2-1: Ground out 2-3 (Groundball, 15S, EV 73.1 MPH)
Top of the 6th over - 2 runs, 2 hits, 1 error, 1 left on base; Williamsport 12 - Salem-Keizer 2
BOTTOM OF THE 6TH
Salem-Keizer Volcanoes batting - Pitching for Williamsport Crosscutters : RHP Bobby Mauk
Batting: LHB Chris West 0-0: Ball
1-0: Foul Ball, location: 2F
1-1: Ball
2-1: Swinging Strike
2-2: Foul Ball, location: 2F
2-2: Strikes out swinging
Batting: RHB Aaron Elliott 0-0: Called Strike
0-1: Ball
1-1: Called Strike
1-2: Strikes out swinging
Batting: RHB Joey Black 0-0: Ball
1-0: Fly out, F9 (Flyball, 89S, EV 86.2 MPH)
Bottom of the 6th over - 0 runs, 0 hits, 0 errors, 0 left on base; Williamsport 12 - Salem-Keizer 2
TOP OF THE 7TH
Williamsport Crosscutters batting - Pitching for Salem-Keizer Volcanoes : RHP Ricky Pizarro
Batting: RHB Xavier Castellanos 0-0: Called Strike
0-1: Foul Ball, location: 2F
0-2: Ball
1-2: Ball
2-2: Ball
3-2: Ground out 4-3 (Groundball, 4M, EV 84.4 MPH)
Batting: LHB Chris Moody 0-0: Ball
1-0: Foul Ball, location: 2F
1-1: Foul Ball, location: 2F
1-2: Fly out, F7 (Flyball, 7, EV 97.5 MPH)
Batting: RHB John Manocchio 0-0: Called Strike
0-1: Ball
1-1: Fly out, F8 (Flyball, 8LM, EV 94.4 MPH)
Top of the 7th over - 0 runs, 0 hits, 0 errors, 0 left on base; Williamsport 12 - Salem-Keizer 2
BOTTOM OF THE 7TH
Salem-Keizer Volcanoes batting - Pitching for Williamsport Crosscutters : RHP Bobby Mauk
Pinch Hitting: LHB Eddie Lemus 0-0: Ball
1-0: Called Strike
1-1: Ball
2-1: Fly out, F8 (Flyball, 8LD, EV 98.1 MPH)
Pitching: LHP Juan Ramirez
Batting: SHB Michael Woodard 0-0: Called Strike
0-1: Foul Ball, location: 2F
0-2: Strikes out looking
Batting: RHB Jonathan Hemsley 0-0: Swinging Strike
0-1: Swinging Strike
0-2: Strikes out looking
Bottom of the 7th over - 0 runs, 0 hits, 0 errors, 0 left on base; Williamsport 12 - Salem-Keizer 2
TOP OF THE 8TH
Williamsport Crosscutters batting - Pitching for Salem-Keizer Volcanoes : RHP Ricky Pizarro
Now in LF: Eddie Lemus
Now in CF: Antonio Gutierrez
Batting: SHB Art Kent 0-0: Ball
1-0: Ball
2-0: Called Strike
2-1: Fly out, F7 (Flyball, 7S, EV 89.4 MPH)
Pinch Hitting: RHB Salvador Avina 0-0: Called Strike
0-1: Swinging Strike
0-2: Ball
1-2: Ground out U3 (Groundball, 34S, EV 83.8 MPH)
Batting: RHB Shintaro Katsumata 0-0: Called Strike
0-1: Foul Ball, location: 2F
0-2: Ground out 6-3 (Groundball, 6, EV 103.1 MPH)
Top of the 8th over - 0 runs, 0 hits, 0 errors, 0 left on base; Williamsport 12 - Salem-Keizer 2
BOTTOM OF THE 8TH
Salem-Keizer Volcanoes batting - Pitching for Williamsport Crosscutters : LHP Juan Ramirez
Now at 3B: Salvador Avina
Batting: RHB Jose Sanchez 0-0: Ball
1-0: Ball
2-0: Called Strike
2-1: Ball
3-1: Called Strike
3-2: Ground out 4-3 (Groundball, 4S, EV 92.5 MPH)
Batting: LHB Antonio Gutierrez 0-0: Called Strike
0-1: Foul Ball, location: 2F
0-2: Ball
1-2: Ball
2-2: Strikes out swinging
Batting: LHB Alex Larangho 0-0: Swinging Strike
0-1: Ball
1-1: Swinging Strike
1-2: Strikes out swinging
Bottom of the 8th over - 0 runs, 0 hits, 0 errors, 0 left on base; Williamsport 12 - Salem-Keizer 2
TOP OF THE 9TH
Williamsport Crosscutters batting - Pitching for Salem-Keizer Volcanoes : RHP Ricky Pizarro
Pitching: RHP Danny Estrada
Batting: RHB Nick Cottrell 0-0: DOUBLE (Line Drive, 7LM, EV 99.4 MPH)
Batting: RHB Leon Edwards 0-0: Ball
1-0: Called Strike
1-1: Ball
2-1: Called Strike
2-2: Foul Ball, location: 2F
2-2: Ball
3-2: SINGLE (Groundball, 56S, EV 63.1 MPH) (infield hit)
Nick Cottrell to third
Batting: RHB Bill Williams 0-0: Ball
1-0: Foul Ball, location: 2F
1-1: Ball
2-1: Ball
3-1: Foul Ball, location: 2F
3-2: Foul Ball, location: 2F
3-2: Base on Balls
Leon Edwards to second
Batting: RHB Xavier Castellanos 0-0: Ball
1-0: Called Strike
1-1: Ball
2-1: Ball
3-1: Base on Balls
Nick Cottrell scores
Leon Edwards to third
Bill Williams to second
Pitching: RHP Kip Connolly
Batting: LHB Chris Moody 0-0: Called Strike
0-1: Ball
1-1: Foul Ball, location: 2F
1-2: Foul Ball, location: 2F
1-2: Ball
2-2: Ball
3-2: Foul Ball, location: 2F
3-2: Base on Balls
Leon Edwards scores
Bill Williams to third
Xavier Castellanos to second
Batting: RHB John Manocchio 0-0: Ball
1-0: Foul Ball, location: 2F
1-1: Ball
2-1: Grounds into double play, 3-6-3 (Groundball, 23, EV 88.8 MPH)
Bill Williams scores
Xavier Castellanos to third
Batting: SHB Art Kent 0-0: Ball
1-0: DOUBLE (Line Drive, 5D, EV 98.1 MPH)
Xavier Castellanos scores
Batting: RHB Salvador Avina 0-0: Called Strike
0-1: Ball
Wild Pitch!
Art Kent to third
1-1: SINGLE (Groundball, 13S, EV 68.8 MPH) (infield hit)
Art Kent scores
Batting: RHB Shintaro Katsumata 0-0: Called Strike
0-1: Called Strike
0-2: Strikes out swinging
Top of the 9th over - 5 runs, 4 hits, 0 errors, 1 left on base; Williamsport 17 - Salem-Keizer 2
BOTTOM OF THE 9TH
Salem-Keizer Volcanoes batting - Pitching for Williamsport Crosscutters : LHP Juan Ramirez
Batting: LHB Chris West 0-0: Ball
1-0: Ball
2-0: Ball
3-0: Base on Balls
Batting: RHB Aaron Elliott 0-0: Called Strike
0-1: Called Strike
0-2: Hit by Pitch
Chris West to second
Batting: RHB Joey Black 0-0: Fly out, F8 (Line Drive, 8LD, EV 98.8 MPH)
Batting: LHB Eddie Lemus 0-0: Ball
1-0: Ball
2-0: Foul Ball, location: 2F
2-1: Swinging Strike
2-2: Strikes out swinging
Batting: SHB Michael Woodard 0-0: Foul Ball, location: 2F
0-1: Ball
1-1: Foul Ball, location: 2F
1-2: Ball
2-2: Strikes out looking
Bottom of the 9th over - 0 runs, 0 hits, 0 errors, 2 left on base; Williamsport 17 - Salem-Keizer 2
Tuesday, March 28th , 2023 - OOTP Baseball 23.10 Build 110